 Dungeon Crawl Stone Soup version 0.30.0-20-g3615ddf2f0 (webtiles) character file.

Game seed: 11162895785311050337

579 qw the Chopper (level 7, -17/43 HPs)
             Began as a Gargoyle Fighter on June 1, 2023.
             Demolished by an ogre
             ... wielding a +0 giant club
              (19 damage)
             ... on level 5 of the Dungeon.
             The game lasted 00:01:42 (3221 turns).

qw the Chopper (Gargoyle Fighter)                   Turns: 3221, Time: 00:01:43

Health: -17/43     AC: 14    Str: 20 (21) XL:     7   Next: 36%
Magic:  7/7        EV:  9    Int:  5 (7)  God:
Gold:   253        SH:  4    Dex:  8 (9)  Spells: 6/6 levels left

rFire   . . .        Y - +1 war axe (protect)
rCold   . . .        c - +0 buckler
rNeg    + . .        b - +0 scale mail
rPois   inf          (no helmet)
rElec   +            (no cloak)
rCorr   .            e - +2 pair of gloves {hurl}
SInv    .            (no boots)
Will    .....        (no amulet) Stlth
                     (no ring)
HPRegen 0.27/turn    (no ring)
MPRegen 0.10/turn

%: no passive effects
@: about to teleport
A: sickness immunity, AC +4, negative energy resistance 1, electricity
resistance, torment resistance 1, petrification resistance, dopey 1, evolution
1, subdued magic 1
a: no special abilities


You were on level 5 of the Dungeon.
You visited 1 branch of the dungeon, and saw 5 of its levels.

You collected 253 gold pieces.


Innate Abilities, Weirdness & Mutations

You are immune to sickness and miasma.
Your stone body is resilient. (AC +4)
You are immune to poison.
You resist negative energy. (rN+)
You are resistant to electric shocks. (rElec)
You are resistant to unholy torment.
You are immune to petrification.
You are dopey. (Int -2)
You have hidden genetic potential.
Your spells are a little easier to cast, but a little less powerful.


   Skills:
 - Level 4.0 Fighting
 + Level 6.6 Axes
 - Level 3.2 Armour
 - Level 1.4 Dodging
 - Level 3.2 Shields


You had 6 spell levels left.
You didn't know any spells.
Your spell library was empty.

Inventory:

Hand Weapons
 n - the +6 mace of the Boiling Point {drain, rElec Dex+4}
   (You found it on level 2 of the Dungeon)

   Dex:       It affects your dexterity (+4).
   rElec:     It insulates you from electricity.
 Y - a +1 war axe of protection (weapon)
Armour
 b - a +0 scale mail (worn)
 c - a +0 buckler (worn)
 e - a +2 pair of gloves of hurling (worn)
 l - a +0 cloak
Scrolls
 a - 2 scrolls of teleportation
Potions
 d - 2 potions of might
 f - a potion of cancellation {unknown}
 g - a potion of lignification {unknown}
 h - a potion of magic {unknown}
 i - a potion of attraction {unknown}
 j - a potion of haste {unknown}
 k - a potion of heal wounds {unknown}
 m - a potion of brilliance {unknown}

Dungeon Overview and Level Annotations

Branches:
Dungeon (5/15)
 Temple: D:4-7

Altars:
Dithmenos
Hepliaklqana
Ru
Sif Muna
Yredelemnul


Message History

Your weapon exudes an aura of protection.
The white imp is severely wounded.
The white imp hits you but does no damage.
You barely miss the white imp.
The white imp is severely wounded.
A shadow imp comes into view.
The white imp gestures at you. The puff of frost hits you!
The shadow imp shouts, "Scamper hence, thou pottle-deep beef-witted fustilarian!"
You slash the white imp!
You kill the white imp!
The dart slug launches a dart at you.
The slug dart hits you but does no damage.
You feel your dexterity returning.
3209 ||| FLEEEEING.
Enter note:
Enter note:
Enter note:
Enter note:
3210 ||| FLEEEEING.
3211 ||| FLEEEEING.
3212 ||| FLEEEEING.
3213 ||| FLEEEEING.
3214 ||| FLEEEEING.
3215 ||| FLEEEEING.
3216 ||| FLEEEEING.
The ogre closely misses you. The shadow imp gestures at you.
Pain shoots through your body!
You completely miss the ogre.
The shadow imp grins evilly.
You barely miss the ogre. The ogre hits you with a +0 giant club!
You completely miss the ogre. The ogre hits you with a +0 giant club!
3221 ||| READING 3 scrolls of teleportation.
As you read the scroll of teleportation, it crumbles to dust.
You feel strangely unstable.
The ogre hits you with a +0 giant club!!
You die...

..............# # ##.#.#.#
.........!....# .# #...#.#
..............#####.# #...#.#
....................## #.#.#.#
...................... #.#.#.#
...................#### #.#.#
.....................##.#.#.# #
..........[w.5.....#.##.#.#.#.#
.............O@......#..#.#...#
...............#+##..#.....####
...............#.....#.........
.................##.#.####.
...........)##......#.#
.<.........)....#####.#
..........#..)...####.#
..........##..........#
.#######...+..........####.


You could see an ogre, a shadow imp and a dart slug.

Vanquished Creatures
  An ogre (D:4)
  A scorpion (D:5)
  A howler monkey (D:4)
  2 hounds (D:4)
  An iguana (D:3)
  Natasha (thrice) (D:2)
  3 orc wizards
  7 adders
  A white imp (D:5)
  A worm (D:3)
  A dart slug (D:2)
  11 orcs
  5 endoplasms
  3 giant cockroaches
  5 hobgoblins
  3 jackals (D:1)
  11 kobolds
  7 quokkas
  6 ball pythons
  8 bats
  5 goblins
  4 rats
90 creatures vanquished.

Notes
Turn   | Place    | Note
-------+----------+-------------------------------------------
     0 | D:1      | qw the Gargoyle Fighter began the quest for the Orb.
     0 | D:1      | Reached XP level 1. HP: 14/14 MP: 1/1
     0 | D:1      | 0 ||| qw: Version: 0.2-a-102-gdf20003
     0 | D:1      | 0 ||| qw: Game counter: 704
     0 | D:1      | 0 ||| qw: Always use a shield: true
     0 | D:1      | 0 ||| qw: God list: Okawaru
     0 | D:1      | 0 ||| qw: Allow faded altars: false
     0 | D:1      | 0 ||| qw: Do Orc after D:15 true
     0 | D:1      | 0 ||| qw: Do second Lair branch before Depths: true
     0 | D:1      | 0 ||| qw: Lair rune preference: random
     0 | D:1      | 0 ||| qw: Plans: Normal, Zot:1-4, Slime:5, God:TSO, Crypt,
                  | Tomb, Pan, Hells, Abyss, Win
     0 | D:1      | 0 ||| PLANNING D:1-11
    25 | D:1      | Reached skill level 2 in Axes
    87 | D:1      | Reached XP level 2. HP: 19/19 MP: 2/2
   295 | D:1      | Reached skill level 3 in Axes
   297 | D:1      | 297 ||| Stepping ~*~*~tactically~*~*~ (stealth).
   302 | D:1      | 302 ||| Stepping ~*~*~tactically~*~*~ (stealth).
   303 | D:1      | 303 ||| Stepping ~*~*~tactically~*~*~ (stealth).
   308 | D:1      | Reached XP level 3. HP: 22/23 MP: 3/3
   314 | D:1      | 314 ||| Stepping ~*~*~tactically~*~*~ (stealth).
   422 | D:1      | 422 ||| READING 3 scrolls labelled IMYMITS XARAON.
   425 | D:1      | 425 ||| READING scroll labelled VIULIE GACWOIS.
   426 | D:1      | 426 ||| READING scroll labelled SUCO XUJEO.
   427 | D:1      | 427 ||| READING scroll labelled LUVOAN BIEM.
   428 | D:1      | 428 ||| READING scroll labelled GOLOYWN XETE.
   462 | D:2      | Noticed Natasha
   463 | D:2      | 463 ||| Stepping ~*~*~tactically~*~*~ (hiding).
   472 | D:2      | Killed Natasha
   524 | D:2      | Reached XP level 4. HP: 19/28 MP: 4/4
   633 | D:2      | Reached skill level 4 in Axes
   665 | D:2      | 665 ||| DROPPING +0 club.
   670 | D:2      | 670 ||| Stepping ~*~*~tactically~*~*~ (hiding).
   671 | D:2      | 671 ||| Stepping ~*~*~tactically~*~*~ (hiding).
   807 | D:2      | Noticed Natasha
   814 | D:2      | Killed Natasha
   952 | D:2      | Identified the +6 mace of the Boiling Point {drain, rElec
                  | Dex+4}
   954 | D:2      | 954 ||| DROPPING +0 mace.
  1064 | D:2      | 1064 ||| READING scroll labelled HAEDAJ JAAFEE.
  1065 | D:2      | 1065 ||| READING scroll labelled ROICZOTWEP.
  1066 | D:2      | 1066 ||| READING scroll labelled NEIT JOIPSAR.
  1067 | D:2      | 1067 ||| READING scroll labelled CECAILUTYM.
  1101 | D:2      | Noticed Natasha
  1102 | D:2      | 1102 ||| Stepping ~*~*~tactically~*~*~ (stealth).
  1103 | D:2      | 1103 ||| READING scroll labelled NUDEPR USCHOUTS.
  1103 | D:2      | Identified a scroll of acquirement
  1103 | D:2      | 1103 ||| ACQUIRING +2 pair of gloves of hurling
  1103 | D:2      | Acquired a +2 pair of gloves of hurling
  1105 | D:2      | 1105 ||| UPGRADING to +2 pair of gloves of hurling.
  1121 | D:2      | HP: 5/28 [cerulean imp/+2 spear[Natasha] (4)]
  1122 | D:2      | 1122 ||| READING 2 scrolls of teleportation.
  1123 | D:2      | Killed Natasha
  1124 | D:2      | Reached XP level 5. HP: 7/32 MP: 5/5
  1554 | D:3      | Reached skill level 5 in Axes
  1568 | D:3      | Found a shadowy altar of Dithmenos.
  1596 | D:3      | 1596 ||| Stepping ~*~*~tactically~*~*~ (stealth).
  1672 | D:3      | Found a basalt altar of Yredelemnul.
  1676 | D:3      | 1676 ||| Stepping ~*~*~tactically~*~*~ (stealth).
  1753 | D:3      | Found a shimmering blue altar of Sif Muna.
  2076 | D:3      | 2076 ||| READING scroll labelled IGE WEIDOEHO.
  2200 | D:4      | Noticed an ogre
  2203 | D:4      | Reached skill level 1 in Dodging
  2203 | D:4      | Reached XP level 6. HP: 33/38 MP: 6/6
  2240 | D:4      | 2240 ||| FLEEEEING.
  2241 | D:4      | 2241 ||| FLEEEEING.
  2242 | D:4      | 2242 ||| FLEEEEING.
  2246 | D:4      | 2246 ||| FLEEEEING.
  2247 | D:4      | 2247 ||| FLEEEEING.
  2248 | D:4      | 2248 ||| FLEEEEING.
  2249 | D:4      | 2249 ||| FLEEEEING.
  2250 | D:4      | 2250 ||| FLEEEEING.
  2251 | D:4      | 2251 ||| STAIRDANCE
  2284 | D:3      | 2284 ||| READING scroll labelled EFISSE QUFEMUSH.
  2285 | D:3      | 2285 ||| DRINKING 2 murky cyan potions.
  2286 | D:3      | 2286 ||| DRINKING 2 bubbling coppery potions.
  2286 | D:3      | Gained mutation: Your mind is acute. (Int +4, Str/Dex -1)
                  | [potion of mutation]
  2286 | D:3      | Gained mutation: Armour fits poorly on your strangely
                  | shaped body. [potion of mutation]
  2286 | D:3      | Gained mutation: You expend magic power (3 MP) to
                  | strengthen your wands. [potion of mutation]
  2287 | D:3      | 2287 ||| DRINKING potion of mutation.
  2287 | D:3      | Lost mutation: Your mind is acute. (Int +4, Str/Dex -1)
                  | [potion of mutation]
  2287 | D:3      | Lost mutation: Armour fits poorly on your strangely shaped
                  | body. [potion of mutation]
  2287 | D:3      | Lost mutation: You expend magic power (3 MP) to strengthen
                  | your wands. [potion of mutation]
  2287 | D:3      | Gained mutation: You are dopey. (Int -2) [potion of
                  | mutation]
  2287 | D:3      | Gained mutation: Your spells are a little easier to cast,
                  | but a little less powerful. [potion of mutation]
  2287 | D:3      | Gained mutation: You have hidden genetic potential. [potion
                  | of mutation]
  2288 | D:3      | 2288 ||| DROPPING potion of degeneration.
  2307 | D:4      | 2307 ||| Stepping ~*~*~tactically~*~*~ (stealth).
  2392 | D:4      | 2392 ||| Stepping ~*~*~tactically~*~*~ (stealth).
  2485 | D:4      | Reached skill level 6 in Axes
  2527 | D:4      | 2527 ||| Stepping ~*~*~tactically~*~*~ (stealth).
  2543 | D:4      | Reached XP level 7. HP: 43/43 MP: 7/7
  2634 | D:4      | 2634 ||| Stepping ~*~*~tactically~*~*~ (hiding).
  2782 | D:4      | Found a sacrificial altar of Ru.
  3037 | D:5      | Entered Level 5 of the Dungeon
  3057 | D:5      | Found a hazy altar of Hepliaklqana.
  3209 | D:5      | 3209 ||| FLEEEEING.
  3210 | D:5      | 3210 ||| FLEEEEING.
  3211 | D:5      | 3211 ||| FLEEEEING.
  3212 | D:5      | 3212 ||| FLEEEEING.
  3213 | D:5      | 3213 ||| FLEEEEING.
  3214 | D:5      | 3214 ||| FLEEEEING.
  3215 | D:5      | 3215 ||| FLEEEEING.
  3216 | D:5      | 3216 ||| FLEEEEING.
  3220 | D:5      | HP: 2/43 [ogre/+0 giant club (12)]
  3221 | D:5      | 3221 ||| READING 3 scrolls of teleportation.
  3221 | D:5      | Demolished by an ogre

Levels and vault maps discovered:
D:1:      amcnicky_arrival_double_pillar, layout_rooms
D:2:      layout_rooms, uniq_natasha
D:3:      layout_basic, yredelemnul_altar_generic, grunt_dithmenos_smoke,
          mainiacjoe_overflow_cross_hatched, serial_bayou_pond_a,
          solitary_fountain
D:4:      layout_loops_ring, marbit_many_paths, grunt_ministairs_13,
          minmay_manual_monolith
D:5:      layout_basic, elyvilon_altar_5, nicolae_hepliaklqana_hippocampus,
          kennysheep_decorative_pillar

Skill      XL: |  1  2  3  4  5  6 |
---------------+-------------------+-----
Axes           | 2 3 4 5 6 |  6.6
Fighting       | 4 |  4.0
Dodging        | 1 |  1.4
Armour         | |  3.2
Shields        | |  3.2

Action                     |  1- 3 |  4- 6 |  7- 9 || total
---------------------------+-------+-------+-------++-------
  Melee: War axe           |    82 |   139 |    34 ||   255
  Throw: Boomerang         |       |    45 |     6 ||    51
    Use: Scroll            |     5 |     8 |     1 ||    14
         Potion            |       |     3 |       ||     3
 Armour: Scale mail        |    48 |    92 |    31 ||   171
  Dodge: Dodged            |    42 |    55 |     6 ||   103
  Block: Buckler           |    12 |    23 |     5 ||    40

Table legend:
 A = Non-vault XP
 B = Vault XP
 C = Vault XP percentage of total XP
 D = Non-vault monster count
 E = Vault monster count
 F = Vault count percentage of total count
                 A         B        C        D         E       F
            +---------+---------+-------+---------+---------+-------
      Total |     713 |     115 |  13.9 |      82 |       8 |   8.9
            +---------+---------+-------+---------+---------+-------
        D:1 |      45 |       0 |   0.0 |      27 |       0 |   0.0
        D:2 |     103 |      35 |  25.4 |      14 |       1 |   6.7
        D:3 |     129 |       0 |   0.0 |      21 |       0 |   0.0
        D:4 |     256 |      80 |  23.8 |      13 |       7 |  35.0
        D:5 |     180 |       0 |   0.0 |       7 |       0 |   0.0
            +---------+---------+-------+---------+---------+-------
